 Dungeon Crawl Stone Soup version 0.30-b1-2-g02819fbbbe (webtiles) character file.

Game seed: 787645500858953452

427 Mesmaeker13 the Grave Robber (level 6, -2/45 HPs)
             Began as a Ghoul Necromancer on June 9, 2023.
             Slain by a water moccasin (3 damage)
             ... on level 5 of the Dungeon.
             The game lasted 00:06:43 (5026 turns).

Mesmaeker13 the Grave Robber (Ghoul Necromancer)    Turns: 5026, Time: 00:06:43

Health: -2/45      AC:  6    Str: 12    XL:     6   Next: 97%
Magic:  0/10       EV: 11    Int: 12    God:
Gold:   279        SH:  0    Dex:  9    Spells: 4/12 levels left

rFire   . . .        v - +0 dagger (elec)
rCold   + . .        (no shield)
rNeg    + + +        c - +1 leather armour {rPois}
rPois   ∞            w - +0 helmet
rElec   .            (no cloak)
rCorr   .            p - +0 pair of gloves
SInv    .            (no boots)
Will    +....        (no amulet)
Stlth   +            o - ring of willpower
HPRegen 0.00/turn    (no ring)
MPRegen 0.12/turn

%: no passive effects
@: inhibited regen
A: claws 1, cold resistance 1, negative energy resistance 3, inhibited
regeneration, torment resistance 2, devour on kill
a: no special abilities


You were on level 5 of the Dungeon.
You visited 1 branch of the dungeon, and saw 5 of its levels.

You collected 279 gold pieces.

Inventory:

Hand Weapons
 v - a +0 dagger of electrocution (weapon)
Missiles
 k - 2 javelins
 q - 8 poisoned darts (quivered)
Armour
 c - a +1 leather armour of poison resistance (worn)
 m - a +0 buckler
 p - a +0 pair of gloves (worn)
 w - a +0 helmet (worn)
Magical Staves
 t - a staff of conjuration
Jewellery
 o - a ring of willpower (left hand)
Scrolls
 d - a scroll of acquirement {unknown}
 e - 5 scrolls of teleportation
 f - 3 scrolls of magic mapping
 g - a scroll of fear {unknown}
 j - 2 scrolls of amnesia
 r - a scroll of enchant armour {unknown}
 x - a scroll of blinking {unknown}
Potions
 b - a potion of magic
 h - a potion of mutation
 i - a potion of curing
 l - a potion of attraction {unknown}
 n - a potion of brilliance {unknown}
 s - a potion of flight {unknown}
 u - a potion of heal wounds {unknown}


   Skills:
 - Level 3.0 Dodging
 - Level 2.1 Stealth
 + Level 2.3 Shields
 + Level 3.7 Spellcasting
 + Level 5.6 Necromancy


You had 4 spell levels left.
You knew the following spells:

 Your Spells              Type           Power      Damage    Failure   Level
a - Necrotise             Necr           60%        1d7       2%          1
b - Vampiric Draining     Necr           15%        2d7       9%          3
c - Animate Dead          Necr           15%        N/A       28%         4

Your spell library contained the following spells:

 Spells                   Type           Power      Damage    Failure   Level
 Blink                    Tloc           4%         N/A       41%         2
 Lesser Beckoning         Tloc           4%         N/A       41%         2
 Momentum Strike          Conj/Tloc      4%         3d8       41%         2
 Gell's Gravitas          Tloc           2%         N/A       65%         3
 Teleport Other           Tloc           2%         N/A       65%         3
 Agony                    Necr           15%        N/A       61%         5


Dungeon Overview and Level Annotations

Branches:
Dungeon (5/15)
 Temple: D:4-7

Altars:

Shops:
D:1 !!=!


Innate Abilities, Weirdness & Mutations

You are immune to poison.
You have sharp fingernails.
Your flesh is cold resistant. (rC+)
You are immune to negative energy. (rN+++)
You do not regenerate when monsters are visible.
You are immune to unholy pain and torment.
You thrive by killing the living.


Message History

The water moccasin misses you.
You barely miss the water moccasin.
The water moccasin is heavily wounded.
The water moccasin closely misses you.
The water moccasin bites you but does no damage.
You closely miss the water moccasin.
The water moccasin is heavily wounded.
The water moccasin bites you.
* * * LOW HITPOINT WARNING * * *
You closely miss the water moccasin.
The water moccasin is heavily wounded.
The water moccasin bites you but does no damage.
You feel better. The water moccasin bites you.
* * * LOW HITPOINT WARNING * * *
The water moccasin closely misses you.
You hit the water moccasin.
The water moccasin is severely wounded.
The water moccasin misses you.
You hit the water moccasin.
The water moccasin is severely wounded.
The water moccasin bites you but does no damage. x2
You closely miss the water moccasin.
The water moccasin is severely wounded.
The water moccasin bites you but does no damage.
You hit the water moccasin but do no damage.
The water moccasin is severely wounded.
The water moccasin bites you.
* * * LOW HITPOINT WARNING * * *
Casting: Vampiric Draining (dangerous; 9% risk of failure)
Confirm with . or Enter, or press ? or * to list all spells.
Aiming: Vampiric Draining (dangerous; 9% risk of failure)
Press: ? - help, Shift-Dir - straight line, f/p - water moccasin
Aim: a water moccasin (severely wounded)
You draw life force from the water moccasin.
You feel life coursing into your body. The water moccasin bites you!
* * * LOW HITPOINT WARNING * * *
The water moccasin bites you but does no damage.
The water moccasin closely misses you. The water moccasin bites you.
You die...

.#
#......##.#.#######.#..#######
.#
#......##.........#.#..#######
#....####...#####.#.#.........
#....####...#...#.#.#.#######.
+...........#.#.#.#.#.#.......
#....#####..#.#.#.#...#.######
###### #..#.#.#.#.###.#..
#......#.#.....#.# #
#.#>@S...#.#####.# #
#.#..#...#.....#.# #
#.#..#.#.#####.#.# # .#..#.#.#
#....#### #..#.#.# #........
...#.#.# #.##.#### ....#.#.#
#........ ##..#.#.#####.#.####
#.#.#.....#.#


You could see a water moccasin.

Vanquished Creatures
  An ogre (D:4)
  A scorpion (D:4)
  A howler monkey (D:5)
  A hound (D:5)
  2 iguanas (D:5)
  8 adders
  A white imp (D:5)
  3 dart slugs
  A worm (D:2)
  6 orcs
  8 endoplasms
  A giant cockroach (D:2)
  10 goblins
  11 hobgoblins
  A jackal (D:5)
  2 quokkas
  6 bats
  A frilled lizard (D:2)
  6 kobolds
  8 rats
79 creatures vanquished.

Vanquished Creatures (collateral kills)
  A bat (D:2)
  A goblin (D:2)
  A jackal (D:5)
3 creatures vanquished.

Grand Total: 82 creatures vanquished

Notes
Turn   | Place    | Note
-------+----------+-------------------------------------------
     0 | D:1      | Mesmaeker13 the Ghoul Necromancer began the quest for the
                  | Orb.
     0 | D:1      | Reached XP level 1. HP: 14/14 MP: 2/2
   159 | D:1      | Reached XP level 2. HP: 9/20 MP: 2/4
   301 | D:1      | Found Tourgh's Distillery.
   316 | D:1      | Found Jamovic's Jewellery Boutique.
   560 | D:1      | Found Dorgheod's Distillery.
   756 | D:1      | Found Sechot's Distillery.
  1057 | D:2      | Reached XP level 3. HP: 15/26 MP: 1/5
  1070 | D:2      | Learned a level 3 spell: Vampiric Draining
  1295 | D:2      | Found a faded altar of an unknown god.
  1587 | D:2      | Reached XP level 4. HP: 22/33 MP: 1/6
  2672 | D:3      | Learned a level 4 spell: Animate Dead
  3329 | D:4      | Reached XP level 5. HP: 38/38 MP: 3/8
  3397 | D:4      | Noticed an ogre
  3713 | D:4      | Reached skill level 1 in Shields
  3713 | D:4      | Reached skill level 5 in Necromancy
  3933 | D:4      | Killed an ogre
  3934 | D:4      | Reached XP level 6. HP: 45/45 MP: 2/10
  4349 | D:5      | Entered Level 5 of the Dungeon
  4935 | D:5      | Noticed a water moccasin
  5024 | D:5      | HP: 1/45 [water moccasin (7)]
  5026 | D:5      | Slain by a water moccasin

Illustrated notes

Levels and vault maps discovered:
D:1:      dpeg_arrival_houses_and_road, layout_basic, serial_shops, shop, shop,
          nicolae_shop_crystal, shop, grunt_decor_fettered
D:2:      kennysheep_six_static_rooms, layout_basic,
          nicolae_ecumenical_oubliette, st_stairs_12, minmay_tetromino_o4
D:3:      layout_loops_cross, chequers_mini_garden
D:4:      layout_basic
D:5:      layout_basic, gammafunk_ghost_smash

Skill      XL: |  1  2  3  4  5  6 |
---------------+-------------------+-----
Dodging        | 2 3 |  3.0
Spellcasting   | 2 3 |  3.7
Shields        | 1 2 |  2.3
Necromancy     | 5 |  5.6
Stealth        | |  2.1

Action                     |  1- 3 |  4- 6 || total
---------------------------+-------+-------++-------
  Melee: Unarmed           |    15 |       ||    15
         Short sword       |    33 |    15 ||    48
         Dagger            |       |    64 ||    64
  Throw: Dart              |       |     8 ||     8
         Throwing net      |       |     2 ||     2
   Cast: Necrotise         |    52 |   103 ||   155
         Vampiric Draining |       |     7 ||     7
    Use: Scroll            |     3 |     2 ||     5
         Potion            |       |     1 ||     1
 Armour: Robe              |    19 |    15 ||    34
         Leather armour    |       |    11 ||    11
  Dodge: Dodged            |    48 |    62 ||   110
